Map: Cactus Valley LE (Void)

Players

Lisandro - Winner!

  • Race: Protoss Protoss
  • League: Grandmaster
  • Spawn Location: 11:00

Railgan

  • Race: Zerg Zerg
  • League: Grandmaster
  • Spawn Location: 5:00

VOD

Have the link to the VOD?

Description

Time

  • Played on: March 12, 2017, 7:27 p.m.
  • Length: 15:41
Show
View Real Time Build Order
Export as new Build Order

Lisandro Protoss - Winner!

Build Orders: 1 Gate Expand, Phoenix Opening 

Get SALT Encoding   

  12  0:01  Probe (Chrono Boost)  
  13  0:11  Probe (Chrono Boost)  
  14  0:20  Pylon  
  14  0:23  Probe (Chrono Boost)  
  15  0:38  Probe (Chrono Boost)  
  15  0:39  Gateway  
  16  0:44  Assimilator  
  16  0:49  Probe (Chrono Boost)  
  17  0:59  Probe (Chrono Boost)  
  18  1:10  Probe (Chrono Boost)  
  19  1:25  Nexus  
  19  1:32  Cybernetics Core  
  19  1:35  Probe (Chrono Boost)  
  20  1:40  Assimilator  
  20  1:46  Probe (Chrono Boost)  
  21  1:50  Pylon  
  21  1:56  Probe (Chrono Boost)  
  22  2:07  Adept  
  22  2:08  Probe (Chrono Boost)  
  23  2:10  Warp Gate  
  25  2:20  Probe (Chrono Boost)  
  26  2:32  Probe (Chrono Boost)  
  26  2:33  Stargate  
  26  2:36  Adept  
  27  2:39  Probe (Chrono Boost)  
  27  2:43  Probe (Chrono Boost)  
  31  2:49  Probe (Chrono Boost)  
  32  2:53  Probe (Chrono Boost)  
  33  3:00  Probe (Chrono Boost)  
  33  3:04  Probe (Chrono Boost)  
  35  3:10  Adept  
  35  3:11  Mothership Core (Chrono Boost)  
  39  3:15  Probe (Chrono Boost)  
  39  3:17  Phoenix  
  43  3:27  Probe (Chrono Boost)  
  43  3:29  Probe (Chrono Boost)  
  43  3:30  Gateway  
  42  3:39  Probe x2 (Chrono Boost)  
  42  3:41  Gateway  
  44  3:46  Pylon  
  44  3:51  Probe (Chrono Boost)  
  44  3:52  Probe (Chrono Boost)  
  46  4:00  Phoenix  
  46  4:06  Pylon  
  48  4:12  Probe (Chrono Boost)  
  48  4:13  Probe (Chrono Boost)  
  52  4:20  Adept  
  52  4:22  Phoenix  
  54  4:33  Probe (Chrono Boost)  
  54  4:37  Probe (Chrono Boost)  
  56  4:40  Pylon  
  56  4:44  Adept x2  
  56  4:45  Probe (Chrono Boost)  
  61  4:54  Nexus  
  61  4:55  Pylon, Phoenix  
  61  4:59  Pylon  
  64  5:00  Probe (Chrono Boost)  
  64  5:02  Probe (Chrono Boost)  
  64  5:04  Assimilator  
  65  5:09  Assimilator  
  65  5:12  Probe (Chrono Boost)  
  65  5:13  Twilight Council  
  66  5:14  Probe (Chrono Boost)  
  66  5:15  Robotics Facility  
  67  5:24  Probe (Chrono Boost)  
  68  5:32  Probe (Chrono Boost)  
  70  5:36  Probe (Chrono Boost)  
  70  5:38  Gateway, Resonating Glaives  
  70  5:40  Gateway  
  70  5:42  Gateway  
  70  5:50  Gateway  
  70  5:52  Gateway  
  70  5:55  Gateway, Probe (Chrono Boost)  
  71  5:59  Probe (Chrono Boost)  
  71  6:02  Pylon  
  71  6:03  Warp Prism  
  72  6:07  Probe (Chrono Boost)  
  72  6:11  Probe (Chrono Boost)  
  76  6:19  Adept x2  
  76  6:20  Adept  
  76  6:23  Probe (Chrono Boost)  
  76  6:25  Pylon  
  83  6:26  Pylon  
  83  6:31  Probe (Chrono Boost)  
  83  6:32  Pylon  
  85  6:33  Probe (Chrono Boost)  
  85  6:37  Pylon  
  85  6:45  Adept x4  
  93  6:47  Observer  
  93  6:50  Adept x2  
  98  6:59  Pylon  
  98  7:01  Adept x3  
  104  7:23  Warp Prism  
  104  7:26  Adept x2  
  104  7:27  Adept x4  
  118  7:36  Adept x2  
  108  7:43  Probe (Chrono Boost)  
  107  7:45  Adept x3  
  109  7:53  Adept x2  
  109  7:58  Adept x2  
  101  8:01  Adept x2  
  93  8:16  Adept x3  
  93  8:17  Adept x4  
  98  8:20  Probe x3 (Chrono Boost)  
  98  8:21  Forge  
  88  8:29  Adept x2  
  88  8:32  Probe x2 (Chrono Boost)  
  88  8:33  Nexus  
  90  8:41  Probe (Chrono Boost)  
  89  8:42  Adept x2  
  89  8:43  Adept x4  
  89  8:47  Probe (Chrono Boost)  
  102  8:50  Probe (Chrono Boost)  
  103  8:55  Adept  
  103  8:56  Adept x2  
  103  8:58  Probe (Chrono Boost)  
  100  9:04  Adept x2  
  100  9:05  Adept x3  
  92  9:10  Adept  
  92  9:13  Probe x2 (Chrono Boost)  
  92  9:22  Probe (Chrono Boost)  
  91  9:24  Adept x2  
  91  9:25  Adept x3  
  91  9:28  Probe (Chrono Boost)  
  102  9:33  Adept x4  
  104  9:41  Probe (Chrono Boost)  
  104  9:42  Probe (Chrono Boost)  
  104  9:43  Pylon  
  104  9:44  Probe (Chrono Boost)  
  102  9:51  Adept x3  
  102  9:52  Templar Archives, Protoss Ground Weapons Level 1  
  107  9:53  Probe (Chrono Boost)  
  107  9:55  Probe (Chrono Boost)  
  107  9:57  Adept x2  
  107  9:58  Adept  
  105  10:01  Probe (Chrono Boost)  
  93  10:15  Dark Shrine  
  93  10:17  Assimilator  
  93  10:18  Adept x4  
  93  10:19  Adept  
  101  10:21  Assimilator  
  101  10:23  Adept, Probe (Chrono Boost)  
  101  10:27  Adept x2, Probe (Chrono Boost)  
  101  10:31  High Templar  
  101  10:33  Probe (Chrono Boost)  
  104  10:46  High Templar x3  
  104  10:47  High Templar x3  
  106  10:50  Archon  
  106  10:52  Archon  
  106  10:54  Photon Cannon  
  106  10:56  Photon Cannon  
  106  11:00  High Templar, Archon  
  106  11:01  Charge  
  106  11:02  Photon Cannon  
  108  11:05  Pylon  
  108  11:06  Photon Cannon  
  108  11:07  Gateway  
  108  11:08  Archon  
  108  11:11  Assimilator  
  108  11:12  Zealot x2  
  108  11:15  Assimilator  
  113  11:18  Probe (Chrono Boost)  
  113  11:21  Observer  
  114  11:31  Protoss Ground Weapons Level 2  
  114  11:39  Warp Prism  
  104  11:40  High Templar x2  
  104  11:41  Zealot x3  
  104  11:45  Gateway  
  104  11:46  Archon  
  104  11:47  Zealot x2  
  118  11:52  Pylon, Probe x2 (Chrono Boost)  
  118  11:53  Zealot x2  
  126  12:00  Photon Cannon  
  126  12:09  Dark Templar x2  
  126  12:14  Observer, Dark Templar x2  
  134  12:15  Archon  
  134  12:20  Zealot, Nexus, Archon  
  134  12:21  Zealot x4  
  145  12:25  Pylon  
  145  12:28  Pylon  
  145  12:41  Dark Templar  
  145  12:42  Dark Templar, Immortal  
  145  12:43  Dark Templar  
  145  12:44  Dark Templar  
  153  12:48  Archon x2  
  156  13:00  Dark Templar x2  
  156  13:02  Dark Templar  
  156  13:04  Archon  
  162  13:08  Dark Templar  
  164  13:12  Archon  
  164  13:15  Photon Cannon  
  164  13:17  Photon Cannon  
  164  13:18  Gateway  
  164  13:19  Photon Cannon  
  164  13:28  Dark Templar x2, Assimilator  
  164  13:32  Dark Templar x2, Assimilator  
  164  13:33  Zealot x2  
  176  13:36  Archon  
  176  13:37  Archon  
  176  13:38  Warp Prism  
  178  13:56  Dark Templar x2  
  178  13:57  Zealot, Dark Templar x2  
  178  14:01  Archon  
  178  14:02  Archon  
  188  14:04  Pylon  
  188  14:15  Zealot  
  188  14:16  Zealot x2  
  187  14:23  Zealot x4  
  181  14:25  Observer  
  181  14:30  Probe (Chrono Boost)  
  153  14:47  Dark Templar x5  
  153  14:50  Zealot, Dark Templar x3  
  153  14:52  Archon x2  
  159  14:56  Archon  
  152  15:01  Dark Templar  
  152  15:02  Zealot  
  154  15:20  Zealot x4  
  154  15:21  Dark Templar x3  
  142  15:23  Zealot x3  
  110  15:37  Dark Templar  
Show
View Real Time Build Order
Export as new Build Order

Railgan Zerg 

Build Orders: Hatch First 

Get SALT Encoding   

  12  0:01  Drone  
  13  0:13  Overlord  
  13  0:18  Drone  
  14  0:31  Drone x2  
  14  0:35  Drone  
  17  0:52  Hatchery  
  17  0:55  Drone  
  17  0:59  Drone  
  18  1:09  Extractor  
  17  1:14  Spawning Pool  
  17  1:17  Drone  
  17  1:20  Drone  
  18  1:28  Drone  
  19  1:39  Overlord  
  19  1:50  Drone  
  20  2:00  Queen  
  20  2:01  Zergling x2  
  23  2:05  Queen  
  23  2:06  Drone  
  26  2:12  Drone  
  26  2:15  Drone  
  28  2:16  Metabolic Boost  
  29  2:22  Drone  
  29  2:36  Queen  
  31  2:39  Overlord  
  31  2:41  Drone, Queen  
  34  2:49  Drone  
  35  2:51  Evolution Chamber  
  35  2:52  Drone  
  35  2:54  Drone  
  36  3:01  Drone x2  
  38  3:10  Zergling x8  
  38  3:12  Drone  
  43  3:20  Overlord  
  43  3:23  Drone  
  43  3:29  Drone  
  43  3:30  Overlord  
  43  3:33  Overlord  
  44  3:36  Zerg Melee Weapons Level 1  
  44  3:38  Lair  
  44  3:50  Drone  
  44  3:51  Drone x5  
  49  3:58  Drone x4  
  53  4:05  Drone  
  53  4:07  Extractor  
  53  4:09  Extractor, Overlord  
  52  4:13  Extractor  
  52  4:16  Zergling x2  
  51  4:27  Drone x4  
  51  4:28  Drone  
  51  4:31  Drone  
  56  4:32  Overlord  
  56  4:37  Drone  
  56  4:40  Overlord  
  56  4:43  Spore Crawler  
  55  4:45  Infestation Pit, Burrow  
  55  4:47  Drone x2  
  56  4:54  Baneling Nest  
  56  4:55  Spore Crawler  
  56  4:57  Drone x2  
  56  5:02  Zergling x2  
  57  5:08  Drone  
  57  5:09  Drone  
  57  5:13  Zergling x4  
  61  5:19  Queen  
  63  5:22  Hatchery, Zergling x2  
  63  5:26  Overlord, Spore Crawler  
  60  5:31  Pathogen Glands  
  60  5:44  Zerg Melee Weapons Level 2  
  60  5:48  Centrifical Hooks  
  60  5:50  Drone x6  
  66  6:08  Zergling x2  
  66  6:09  Zergling x4  
  66  6:11  Infestor x2  
  69  6:17  Queen  
  74  6:18  Drone  
  74  6:23  Drone  
  74  6:24  Drone x2  
  78  6:30  Baneling x4  
  78  6:31  Infestor  
  80  6:33  Overlord  
  80  6:44  Drone x5  
  80  6:45  Overlord  
  84  7:09  Swarm Host  
  84  7:12  Extractor, Drone x5  
  84  7:13  Extractor  
  84  7:15  Drone  
  106  7:17  Overlord  
  106  7:20  Zergling x2  
  113  7:34  Hatchery  
  113  7:35  Zergling x10  
  113  7:36  Zergling x2  
  113  7:39  Zergling x2  
  113  7:40  Zergling x2  
  112  7:46  Zergling x2  
  112  7:49  Zergling x2  
  112  7:50  Zergling x8  
  117  7:53  Zergling x4  
  117  7:57  Baneling x3  
  113  8:05  Zergling x6  
  112  8:07  Zergling x6  
  112  8:08  Queen x2  
  112  8:10  Zergling x2  
  111  8:23  Zergling x6  
  108  8:28  Zergling x2  
  108  8:33  Zergling x2  
  108  8:34  Queen  
  113  8:37  Baneling x8  
  115  8:43  Queen  
  115  8:46  Zergling x2  
  115  8:47  Zergling x4  
  115  8:48  Zergling x2  
  116  8:50  Zergling x4  
  116  8:52  Zergling x2  
  108  9:09  Zergling x12  
  108  9:12  Queen  
  110  9:19  Drone  
  110  9:20  Zergling x10  
  109  9:24  Zergling x6  
  109  9:25  Overseer  
  109  9:29  Zergling x6  
  106  9:32  Zergling x4  
  106  9:38  Extractor, Zergling x2  
  99  9:40  Zergling x2  
  99  9:45  Drone x5  
  94  9:49  Baneling x7  
  94  9:50  Baneling  
  94  9:51  Zergling x2  
  89  9:55  Drone x6  
  89  10:02  Zergling x2  
  89  10:04  Drone  
  89  10:05  Drone x3  
  93  10:11  Zergling x4  
  92  10:15  Zergling x4  
  92  10:18  Drone  
  93  10:27  Zergling x2  
  92  10:28  Zergling x2  
  92  10:29  Zergling x6  
  92  10:30  Baneling x2  
  92  10:32  Drone  
  92  10:33  Drone  
  96  10:47  Drone x3  
  96  10:48  Drone  
  100  10:51  Extractor  
  111  10:58  Baneling x3  
  111  10:59  Baneling x2  
  111  11:11  Zerg Missile Weapons Level 1, Infestor x2  
  111  11:12  Infestor  
  113  11:43  Overlord x2  
  113  11:44  Overlord x2  
  122  11:51  Hatchery  
  121  11:57  Overlord  
  121  12:04  Overseer  
  142  12:18  Infestor x3  
  148  12:23  Zergling x4  
  148  12:24  Zergling x4  
  152  12:33  Infestor  
  154  12:38  Hydralisk Den, Zergling x8  
  154  12:53  Zergling x2  
  154  12:55  Neural Parasite  
  155  12:59  Zergling x2  
  155  13:00  Zergling x6  
  155  13:02  Baneling x11  
  159  13:16  Overlord  
  159  13:17  Overlord x2  
  159  13:18  Overlord  
  159  13:19  Zerg Missile Weapons Level 2  
  159  13:33  Hydralisk  
  159  13:34  Hydralisk x3  
  157  13:39  Muscular Augments  
  165  13:47  Hydralisk x2  
  169  13:59  Hydralisk x5  
  179  14:12  Zergling x8  
  181  14:18  Zergling x14  
  176  14:26  Zergling x2  
  176  14:27  Zergling x6  
  171  14:35  Zergling x2  
  171  14:36  Zergling x6  
  164  14:53  Hydralisk  
  164  14:55  Hydralisk  
  164  14:56  Hydralisk x2  
  162  15:00  Zergling x4  
  162  15:01  Zergling x2  
Tags
 
Add a new tag
Caveats
  • Supply blocks, unpowered buildings, or Contaminate may cause inaccurate times.
  • Supply counts are checked every 10 seconds.